 Dungeon Crawl Stone Soup version 0.30-a0-341-g682706514a (webtiles) character file.

Game seed: 4966381785654896757

597 retardedninja the Trooper (level 7, -1/62 HPs)
             Began as a Hill Orc Fighter on Nov 2, 2022.
             Killed by divine providence
             ... invoked by an orc priest
              (10 damage)
             ... on level 4 of the Dungeon.
             The game lasted 00:05:51 (3186 turns).

retardedninja the Trooper (Hill Orc Fighter)        Turns: 3186, Time: 00:05:53

Health: -1/62      AC: 15    Str: 21    XL:     7   Next: 40%
Magic:  7/7        EV:  6    Int:  8    God:
Gold:   113        SH:  5    Dex: 10    Spells: 6/6 levels left

rFire   . . .      SeeInvis .    a - +0 war axe
rCold   . . .      Faith    .    c - +0 buckler
rNeg    . . .      Spirit   .    n - +0 plate armour
rPois   .          Reflect  .    e - +0 helmet
rElec   .          Harm     .    k - +1 cloak
rCorr   .          Rampage  .    (no gloves)
Will    .....                    (no boots)
Stlth   ..........               (no amulet)
HPRegen 0.30/turn                (no ring)
MPRegen 0.10/turn                (no ring)

@: no status effects
A: no striking features
a: Convert to Beogh


You were on level 4 of the Dungeon.
You visited 1 branch of the dungeon, and saw 4 of its levels.
You also visited: Sewer.

You collected 113 gold pieces.

Inventory:

Hand Weapons
 a - a +0 war axe (weapon)
Missiles
 f - 10 boomerangs (quivered)
Armour
 c - a +0 buckler (worn)
 e - a +0 helmet (worn)
 k - a +1 cloak (worn)
 n - a +0 plate armour (worn)
Jewellery
 d - a ring of willpower
 p - a ring of see invisible
 q - a ring of ice
 r - a +6 ring of strength
Wands
 o - a wand of roots (11)
Scrolls
 b - 3 scrolls of noise {unknown}
 g - 2 scrolls of blinking
 j - 2 scrolls of summoning {unknown}
 l - a scroll of fear {unknown}
 m - a scroll of vulnerability {unknown}
 u - a scroll of immolation {unknown}
 v - a scroll of butterflies {unknown}
 x - a scroll of teleportation {unknown}
 y - a scroll of enchant armour {unknown}
 B - a scroll of identify {unknown}
Potions
 h - 3 potions of curing {unknown}
 i - a potion of resistance {unknown}
 s - a potion of degeneration {unknown}
 t - 2 potions of heal wounds
 w - 2 potions of flight {unknown}
 z - a potion of lignification {unknown}
 A - a potion of invisibility {unknown}


   Skills:
 + Level 5.8 Fighting
 + Level 5.7 Axes
 + Level 5.3 Armour
 + Level 5.3 Shields


You had 6 spell levels left.
You didn't know any spells.
Your spell library contained the following spells:

 Spells                   Type           Power      Damage    Failure   Level
 Ensorcelled Hibernation  Hex/Ice        0%         N/A       100%        2
 Spider Form              Tmut/Pois      0%         N/A       100%        3
 Anguish                  Hex/Necr       0%         N/A       100%        4


Dungeon Overview and Level Annotations

Branches:
Dungeon (4/15)             Temple (0/1) D:4           Sewer (visited)

Altars:

Shops:
D:2 (


Message History

You hit the orc. You slash the orc!
You kill the orc!
The orc barely misses you.
You hit the orc but do no damage.
The orc is almost dead.
You hit the orc but do no damage. The orc hits you but does no damage. x2
You hit the orc.
You kill the orc!
You closely miss the orc. The orc barely misses you.
You see here a +0 club.
The orc hits you but does no damage. The orc hits you but does no damage.
You slash the orc!
You kill the orc!
There is a stone staircase leading down here.
Things that are here:
a +0 short sword; a +0 leather armour You start resting.
HP restored.
You start waiting.
Done waiting.
There is a stone staircase leading down here.
Things that are here:
a +0 short sword; a +0 leather armour You climb downwards.
The ogre hits you with a +0 giant spiked club!
There is a stone staircase leading up here.
You hit the ogre.
The ogre is lightly wounded.
The ogre hits you with a +0 giant spiked club!!
The orc priest mumbles some strange prayers to Beogh against you.
Beogh smites you!
* * * LOW HITPOINT WARNING * * *
You hit the ogre but do no damage.
The ogre is lightly wounded.
The ogre hits you with a +0 giant spiked club!
* * * LOW HITPOINT WARNING * * *
The orc priest invokes the aid of Beogh against you.
Beogh smites you!
You die...

..# ...#
.###...#
........####
.... .....#
..>..###.#รท###
.....#.......#
..........@O.#
##...[.....#
#...)....>.#
#...[o.....#
#.....[#.#####
....##.#.# ...
#.#.# #. #....
. ....#


You could see an ogre and an orc priest.

Vanquished Creatures
  Sigmund (D:3)
  2 bullfrogs (Sewer)
  Jessica (D:2)
  Terence (D:3)
  3 gnolls (D:3)
  7 adders
  4 worms
  6 dart slugs
  8 orcs
  15 endoplasms
  13 giant cockroaches
  3 goblins (D:2)
  4 hobgoblins
  12 jackals
  7 kobolds
  8 quokkas
  11 ball pythons
  9 bats
  9 frilled lizards
  5 rats
129 creatures vanquished.

Vanquished Creatures (others)
  A plant (D:1)
1 creature vanquished.

Grand Total: 130 creatures vanquished

Notes
Turn   | Place    | Note
-------+----------+-------------------------------------------
     0 | D:1      | retardedninja the Hill Orc Fighter began the quest for the
                  | Orb.
     0 | D:1      | Reached XP level 1. HP: 19/19 MP: 1/1
   165 | D:1      | Reached XP level 2. HP: 27/27 MP: 2/2
   664 | D:1      | Reached XP level 3. HP: 33/33 MP: 3/3
   821 | D:2      | Found a faded altar of an unknown god.
   839 | D:2      | Found a faded altar of an unknown god.
  1309 | D:2      | Found Igrirauq's Antique Weapon Shop.
  1464 | D:2      | Reached XP level 4. HP: 36/40 MP: 4/4
  1554 | D:2      | Noticed Jessica
  1555 | D:2      | Killed Jessica
  1892 | D:3      | Noticed Sigmund
  1912 | D:3      | Killed Sigmund
  1913 | D:3      | Reached skill level 5 in Fighting
  1913 | D:3      | Reached XP level 5. HP: 24/48 MP: 5/5
  1913 | D:3      | Reached XP level 6. HP: 28/56 MP: 6/6
  2102 | D:3      | Noticed Terence
  2110 | D:3      | Killed Terence
  2111 | D:3      | Reached skill level 5 in Axes
  2339 | D:3      | Found a glowing drain.
  2399 | Sewer    | Entered a sewer
  2563 | Sewer    | Reached skill level 5 in Shields
  2597 | Sewer    | Reached skill level 5 in Armour
  2645 | Sewer    | Reached XP level 7. HP: 60/61 MP: 7/7
  2926 | D:4      | Found a staircase to the Ecumenical Temple.
  3186 | D:4      | Killed from afar by an orc priest

Illustrated notes

Levels and vault maps discovered:
D:1:      ncdulo_lavacross, layout_loops_ring, serial_forest,
          infiniplex_forest_clump_double, infiniplex_forest_clump_small,
          infiniplex_forest_clump_small, infiniplex_forest_clump_tiny,
          infiniplex_forest_lined_2
D:2:      layout_loops_corners, serial_shops, nicolae_diamond_shop,
          hellmonk_ecumenical_altar_the_god_not_taken, uniq_jessica
D:3:      layout_basic, cheibrodos_sewer_entry_drain, uniq_sigmund, uniq_terence
D:4:      layout_rooms, tgw_xom, mainiacjoe_overflow_paths,
          minmay_temple_entry_tees, abandoned_shop, minmay_bent

Skill      XL: |  1  2  3  4  5  6 |
---------------+-------------------+-----
Axes           | 3 4 5 |  5.7
Fighting       | 4 5 |  5.8
Armour         | 4 5 |  5.3
Shields        | 4 5 |  5.3

Action                   |  1- 3 |  4- 6 |  7- 9 || total
-------------------------+-------+-------+-------++-------
Melee: War axe           |    95 |   177 |    47 ||   319
Throw: Boomerang         |    15 |       |       ||    15
  Use: Potion            |       |     1 |     1 ||     2
Armor: Scale mail        |    15 |       |       ||    15
       Plate armour      |    45 |   126 |    46 ||   217
Dodge: Dodged            |    26 |    57 |    23 ||   106
Block: Buckler           |    23 |    50 |    22 ||    95

Table legend: (Time is in decaauts)
 A = Elapsed time spent in this place.
 B = Non-inter-level travel time spent in this place.
 C = Inter-level travel time spent in this place.
 D = Time resting spent in this place.
 E = Time spent auto-exploring this place.
 F = Levels seen in this place.
 G = Mean time per level.
                   A        B        C        D        E       F      G
               +--------+--------+--------+--------+--------+-----+--------+
         Total |   3355 |   3233 |    122 |    270 |   2075 |   5 |  671.0 |
       Dungeon |   2931 |   2809 |    122 |    270 |   1917 |   4 |  732.8 |
         Sewer |    423 |    423 |      0 |      0 |    158 |   1 |  423.0 |
               +--------+--------+--------+--------+--------+-----+--------+

Top non-repeatable levels by time:
     D:2: 1092 daAuts
     D:3: 995 daAuts
     D:1: 813 daAuts
   Sewer: 423 daAuts
     D:4: 29 daAuts
